 Seeded DCSS version 0.30-a0-341-g682706514a (webtiles) character file.

Game seed: 6343297186996179794 (custom seed)

79 koil the Sneak (level 4, -4/23 HPs)
             Began as a Spriggan Brigand on Nov 2, 2022.
             Slain by an orc
             ... wielding a +0 mace
              (5 damage)
             ... on level 3 of the Dungeon.
             The game lasted 00:04:17 (1812 turns).

koil the Sneak (Spriggan Brigand)                   Turns: 1812, Time: 00:04:17

Health: -4/23      AC:  3    Str:  7    XL:     4   Next: 16%
Magic:  6/6        EV: 17    Int: 14    God:
Gold:   147        SH:  0    Dex: 16    Spells: 5/5 levels left

rFire   + . .      SeeInvis +    a - +2 dagger
rCold   x . .      Faith    .    (no shield)
rNeg    . . .      Spirit   .    b - +0 robe
rPois   .          Reflect  .    (helmet restricted)
rElec   .          Harm     .    c - +0 cloak
rCorr   .          Rampage  .    (gloves unavailable)
Will    +....                    (boots unavailable)
Stlth   +++.......               (no amulet)
HPRegen 0.23/turn                l - ring of fire
MPRegen 0.10/turn                n - ring of willpower

@: brilliant, very quick
A: very small, no large weapons, unfitting armour, see invisible, speed 3
a: no special abilities


You were on level 3 of the Dungeon.
You visited 1 branch of the dungeon, and saw 3 of its levels.

You collected 147 gold pieces.

Inventory:

Hand Weapons
 a - a +2 dagger (weapon)
 u - the +11 rapier of Loybyuf {flame, rPois rC+ Int+5}
   (You found it on level 3 of the Dungeon)

   It burns those it strikes, dealing additional fire damage.
   Int:       It affects your intelligence (+5).
   rC:        It protects you from cold.
   rPois:     It protects you from poison.
Missiles
 d - 9 poisoned darts (quivered)
 e - 3 curare-tipped darts
Armour
 b - a +0 robe (worn)
 c - a +0 cloak (worn)
 j - an orb of energy
 r - a +0 robe
Magical Staves
 t - a staff of cold
Jewellery
 l - a ring of fire (left hand)
 n - a ring of willpower (right hand)
Wands
 p - a wand of paralysis (13)
Scrolls
 h - 2 scrolls of identify {unknown}
 i - 2 scrolls of teleportation {unknown}
 o - a scroll of vulnerability {unknown}
Potions
 f - 2 potions of lignification {unknown}
 k - a potion of might {unknown}
 m - a potion of attraction {unknown}
 q - a potion of haste {unknown}
 s - a potion of resistance {unknown}


   Skills:
 + Level 1.9 Fighting
 + Level 2.8 Short Blades
 + Level 2.3 Throwing
 + Level 2.1 Dodging
 + Level 6.2 Stealth
 + Level 1.2 Spellcasting
 + Level 1.0 Air Magic
 + Level 1.1 Poison Magic


You had 5 spell levels left.
You didn't know any spells.
Your spell library contained the following spells:

 Spells                   Type           Power      Damage    Failure   Level
 Summon Guardian Golem    Hex/Summ       1%         N/A       61%         3
 Olgreb's Toxic Radiance  Pois           6%         N/A       83%         4
 Orb of Destruction       Conj           0%         9d5       100%        7
 Ozocubu's Refrigeration  Ice            0%         4d7       100%        7
 Spellforged Servitor     Conj/Summ      0%         N/A       100%        7
 Ignition                 Fire           0%         3d3       100%        8


Dungeon Overview and Level Annotations

Branches:
Dungeon (3/15)

Altars:


Innate Abilities, Weirdness & Mutations

You are very small and have problems with some larger weapons.
You are too small for most types of armour.
You have supernaturally acute eyesight. (SInv)
You cover ground extremely quickly. (Speed+++)


Message History

The orc hits you with a +0 hand axe.
You hit the orc.
You kill the orc!
You barely miss the orc. You hit the orc.
The orc is moderately wounded.
An orc comes into view. It is wielding a +0 short sword.
The orc hits you with a +0 war axe.
The orc shouts!
You hit the orc.
The orc is almost dead.
The orc misses you.
You barely miss the orc.
The orc is almost dead.
The orc completely misses you.
You barely miss the orc.
The orc is almost dead.
The orc hits you with a +0 war axe.
* * * LOW HITPOINT WARNING * * *
You closely miss the orc.
The orc is almost dead.
The orc misses you.
You barely miss the orc.
The orc is almost dead.
The orc closely misses you.
You hit the orc.
You kill the orc!
The orc closely misses you. x2
Items here: ))) = [[ †††.
You hit the orc but do no damage. The orc closely misses you.
The orc hits you with a +0 mace.
* * * LOW HITPOINT WARNING * * *
You closely miss the orc. The orc barely misses you.
The orc hits you with a +0 short sword.
* * * LOW HITPOINT WARNING * * *
You closely miss the orc.
It was a potion of brilliance.
You feel clever all of a sudden. The orc closely misses you.
The orc hits you with a +0 mace.
You die...

§###+# §§....
_..... ##### §§l..
.. ...##....
#.########..l#####
....o......oo....#
#.o......###@#####
#....o...# #.####
+..PPP...# #....#
#. #..P.♣P..#
#############.##


P.PP ♣.P.# #####......###.### P.P ♣...###.....#..#.##.....
♣♣.P.♣..###..####.......#.... ♣..........###..P♣.P.....###
P..##########.†..P.P..##..### You could see 2 orcs and a frilled lizard.

Vanquished Creatures
  Jessica (D:3)
  An adder (D:3)
  4 orcs (D:3)
  2 ball pythons (D:2)
  3 endoplasms
  A giant cockroach (D:1)
  4 hobgoblins
  2 quokkas
  7 bats
  4 frilled lizards
  3 goblins (D:2)
  3 kobolds
  3 rats
38 creatures vanquished.

Vanquished Creatures (others)
  4 plants (D:3)
4 creatures vanquished.

Grand Total: 42 creatures vanquished

Notes
Turn   | Place    | Note
-------+----------+-------------------------------------------
     0 | D:1      | koil the Spriggan Brigand began the quest for the Orb.
     0 | D:1      | Reached XP level 1. HP: 10/10 MP: 2/2
   346 | D:1      | Reached XP level 2. HP: 14/14 MP: 3/3
   496 | D:1      | Reached skill level 6 in Stealth
  1452 | D:2      | Reached XP level 3. HP: 18/18 MP: 5/5
  1595 | D:3      | Reached skill level 1 in Spellcasting
  1665 | D:3      | Noticed Jessica
  1667 | D:3      | Killed Jessica
  1668 | D:3      | Reached skill level 1 in Poison Magic
  1777 | D:3      | Found a faded altar of an unknown god.
  1777 | D:3      | Identified the +11 rapier of Loybyuf {flame, rPois rC+
                  | Int+5}
  1793 | D:3      | Reached skill level 1 in Air Magic
  1793 | D:3      | Reached XP level 4. HP: 23/23 MP: 6/6
  1810 | D:3      | HP: 1/23 [orc/+0 short sword (3)]
  1812 | D:3      | Slain by an orc

Illustrated notes

Levels and vault maps discovered:
D:1:      dpeg_arrival_rooms_c, layout_loops_ring
D:2:      layout_basic
D:3:      layout_basic, ebering_ecumenical_altar_mist, serial_forest,
          infiniplex_forest_lined_4_way, infiniplex_forest_clump_long,
          infiniplex_forest_clump_curved, infiniplex_forest_clump_medium,
          infiniplex_forest_lined_1, infiniplex_forest_clump_small,
          infiniplex_forest_lined_room_, infiniplex_forest_clump_double,
          goddamned_bats, uniq_pargi, uniq_grinder, uniq_jessica,
          uniq_crazy_yiuf_cottage

Skill      XL: |  1  2  3 |
---------------+----------+-----
Stealth        | 6 |  6.2
Spellcasting   | 1 |  1.2
Dodging        | 2 |  2.1
Poison Magic   | 1 |  1.1
Air Magic      | 1 |  1.0
Fighting       | |  1.9
Short Blades   | |  2.8
Throwing       | |  2.3

Action                   |  1- 3 |  4- 6 || total
-------------------------+-------+-------++-------
Melee: Dagger            |    91 |    16 ||   107
  Use: Potion            |       |     1 ||     1
 Stab: Sleeping          |    16 |       ||    16
Armor: Robe              |    13 |       ||    13
Dodge: Dodged            |    55 |    10 ||    65

Table legend: (Time is in decaauts)
 A = Elapsed time spent in this place.
 B = Non-inter-level travel time spent in this place.
 C = Inter-level travel time spent in this place.
 D = Time resting spent in this place.
 E = Time spent auto-exploring this place.
 F = Levels seen in this place.
 G = Mean time per level.
                   A        B        C        D        E       F      G
               +--------+--------+--------+--------+--------+-----+--------+
         Total |   1174 |   1121 |     53 |      0 |    891 |   3 |  391.3 |
       Dungeon |   1174 |   1121 |     53 |      0 |    891 |   3 |  391.3 |
               +--------+--------+--------+--------+--------+-----+--------+

Top non-repeatable levels by time:
     D:2: 581 daAuts
     D:1: 388 daAuts
     D:3: 204 daAuts
